Map: Orbital Shipyard

Players

LilDicky - Winner!

  • Race: Terran Terran
  • League: Diamond

ryokutya

  • Race: Protoss Protoss

VOD

http://www.twitch.tv/tumescentpie

Description

Time

  • Played on: Nov. 27, 2015, 8:20 a.m.
  • Length: 4:00
Show
View Real Time Build Order
Export as new Build Order

LilDicky Terran - Winner!

Build Orders:  

Get SALT Encoding   

  12  0:01  SCV  
  13  0:13  SCV  
  14  0:19  Supply Depot  
  14  0:26  SCV  
  15  0:29  Refinery  
  15  0:41  SCV  
  16  0:45  Barracks  
  16  0:56  SCV  
  17  1:08  SCV  
  18  1:20  SCV  
  19  1:32  Supply Depot, Orbital Command  
  19  1:34  Marine  
  21  2:01  Bunker  
  20  2:03  Factory  
  20  2:11  Barracks  
  20  2:14  Barracks  
  20  2:17  SCV  
  20  2:20  Marine  
  22  2:38  Marine  
  23  2:47  SCV  
  24  3:02  Marine  
  24  3:03  Marine  
  26  3:25  SCV, Marine  
  29  3:37  SCV  
  30  3:51  Barracks Tech Lab  
  30  3:52  Barracks Tech Lab  
Show
View Real Time Build Order
Export as new Build Order

ryokutya Protoss 

Build Orders:  

Get SALT Encoding   

  12  0:01  Probe (Chrono Boost)  
  13  0:11  Probe (Chrono Boost)  
  14  0:22  Probe (Chrono Boost)  
  15  0:45  Pylon  
  15  1:05  Gateway  
  15  1:07  Gateway  
  15  1:08  Gateway  
  15  1:12  Forge  
  15  1:16  Pylon  
  15  1:20  Probe (Chrono Boost)  
  16  1:44  Pylon  
  16  1:55  Zealot (Chrono Boost)  
  20  2:02  Zealot (Chrono Boost)  
  20  2:07  Photon Cannon  
  22  2:10  Zealot (Chrono Boost)  
  22  2:17  Probe  
  22  2:19  Zealot (Chrono Boost)  
  25  2:29  Zealot (Chrono Boost)  
  27  2:38  Pylon  
  27  2:42  Zealot (Chrono Boost)  
  29  2:47  Photon Cannon  
  29  2:58  Zealot (Chrono Boost)  
  27  3:14  Photon Cannon  
  27  3:17  Photon Cannon  
  25  3:27  Cybernetics Core  
Tags
 
Add a new tag
Caveats
  • Supply blocks, unpowered buildings, or Contaminate may cause inaccurate times.
  • Supply counts are checked every 10 seconds.